 Dungeon Crawl Stone Soup version 0.18-a0-1426-g3b9a63c (webtiles) character file.

64 namelastname112 the Insei (level 3, 14/28 HPs)
             Began as a Draconian Transmuter on Feb 27, 2016.
             Was a Follower of Nemelex Xobeh.
             Quit the game on level 3 of the Dungeon.
             The game lasted 00:02:15 (1958 turns).

namelastname112 the Insei (Draconian Transmuter)    Turns: 1958, Time: 00:02:15

Health: 14/28      AC:  5    Str: 12    XL:     3   Next: 91%
Magic:  6/6        EV: 12    Int: 13    God:    Nemelex Xobeh [*.....]
Gold:   111        SH:  0    Dex: 12    Spells: 1 memorised, 5 levels left

rFire  . . .     SeeInvis .     j - +2 dagger (venom)
rCold  . . .     Gourm    .     (armour unavailable)
rNeg   . . .     Faith    .     (no shield)
rPois  .         Spirit   .     (helmet restricted)
rElec  .         Dismiss  .     (no cloak)
rCorr  .         Reflect  .     (no gloves)
SustAt .         Harm     .     (no boots)
MR     .....                    (no amulet)
Stlth  +.........               (no ring)
                                (no ring)

@: not resistant to hostile enchantments, very unstealthy
A: unfitting armour, cold-blooded, AC +5
a: Renounce Religion


You were on level 3 of the Dungeon.
You worshipped Nemelex Xobeh.
Nemelex Xobeh was aware of your devotion.
You were very hungry.

You visited 1 branch of the dungeon, and saw 3 of its levels.

You collected 111 gold pieces.

Inventory:

Hand Weapons
 j - a +2 dagger of venom (weapon)
Missiles
 a - 12 arrows
Armour
 n - a +0 buckler
Scrolls
 d - 4 scrolls of teleportation {unknown}
 g - a scroll of remove curse {unknown}
 l - 2 scrolls of identify {unknown}
 p - a scroll of fog {unknown}
Potions
 e - a potion of cure mutation
 f - 3 potions of agility
 i - a potion of degeneration {unknown}
 m - a potion of cancellation {unknown}
 o - a potion of berserk rage {unknown}
Books
 b - a book of Changes

   Spells                             Type                      Level
   a - Beastly Appendage              Transmutation                1
   b - Sticks to Snakes               Transmutation                2
   c - Spider Form                    Transmutation/Poison         3
   d - Ice Form                       Ice/Transmutation            4
   e - Blade Hands                    Transmutation                5
Miscellaneous
 q - a plain deck of war
Comestibles
 c - 3 bread rations
 h - a fruit
 k - 2 meat rations


   Skills:
 - Level 1.1 Fighting
 - Level 1.7 Dodging
 + Level 4.8 Unarmed Combat
 - Level 2.0 Spellcasting
 - Level 2.0 Transmutations


You had 5 spell levels left.
You knew the following spells:

 Your Spells              Type           Power        Failure   Level  Hunger
a - Beastly Appendage     Trmt           #.....       12%         1    ##.....


Dungeon Overview and Level Annotations

Branches:
Dungeon (3/15)

Altars:
Nemelex Xobeh
Qazlal


Innate Abilities, Weirdness & Mutations

Your plain brown scales are hard (AC +5).
Your body does not fit into most forms of armour.
You are cold-blooded and may be slowed by cold attacks.


Message History

No target in view!
No target in view!
No target in view!
No target in view!
No target in view!
No target in view!
No target in view!
No target in view!
No target in view!
No target in view!
No target in view!
No target in view!
No target in view!
No target in view!
No target in view!
No target in view!
No target in view!
No target in view!
No target in view!
Are you sure you want to abandon this character and quit the game? (Confirm with "yes".)

######### #.......#
#.......#
#.......##########
#......(.....@)..#
#.......########..(!.
#......[######## ###
######.........#
####...#..# #..#_#.#
#...#..# #......#
##...###


There were no monsters in sight!

Vanquished Creatures
  2 adders (D:2)
  3 dart slugs
  2 giant geckos (D:1)
  An orc (D:3)
  2 giant cockroaches
  7 goblins
  4 hobgoblins
  2 jackals (D:1)
  3 bats
  2 giant newts (D:2)
  4 kobolds
  5 rats (D:1)
37 creatures vanquished.

Notes
Turn   | Place    | Note
--------------------------------------------------------------
     0 | D:1      | namelastname112 the Draconian Transmuter began the quest for the Orb.
     0 | D:1      | Reached XP level 1. HP: 16/16 MP: 3/3
   182 | D:1      | Reached XP level 2. HP: 23/23 MP: 5/5
   356 | D:1      | You fall through a shaft!
   431 | D:2      | Reached skill level 4 in Unarmed Combat
   778 | D:1      | Reached XP level 3. HP: 28/28 MP: 6/6
  1390 | D:2      | HP: 2/42 [poisoned by an adder]
  1736 | D:2      | Found a stormy altar of Qazlal.
  1918 | D:3      | Found a faded altar to an unknown god.
  1936 | D:3      | Became a worshipper of Nemelex Xobeh the Trickster
  1936 | D:3      | Received a gift from Nemelex Xobeh
  1936 | D:3      | Reached * piety under Nemelex Xobeh
  1958 | D:3      | Quit the game

Vault maps used:
D:1:      dpeg_arrival_solitude
D:2:      nicolae_overflow_crystal_walls
D:3:      grunt_temple_overflow_growth_and_decay, ecumenical_altar_1,
          first_bread, serial_bayou_crossing, uniq_natasha

Skill      XL: |  1  2 |
---------------+-------+-----
Unarmed Combat | 4 |  4.8
Fighting       | |  1.1
Dodging        | |  1.7
Spellcasting   | |  2.0
Transmutations | |  2.0

Action                   || total
-------------------------++-------
Melee: Unarmed           ||    87
       Dagger            ||    63
  Use: Potion            ||     3
 Stab: Sleeping          ||     2
       Distracted        ||     1
  Eat: Chunk             ||     2
